 Dungeon Crawl Stone Soup version 0.31.0-32-g396128a36d (webtiles) character file.

Game seed: 4776436135456746909

18 adizb the Trooper (level 2, -1/20 HPs)
             Began as a Gargoyle Monk on Mar 26, 2024.
             Slain by a gnoll
             ... wielding a +0 flail
              (12 damage)
             ... on level 1 of the Dungeon.
             The game lasted 00:03:16 (537 turns).

adizb the Trooper (Gargoyle Monk)                    Turns: 537, Time: 00:03:16

Health: -1/20      AC:  7    Str: 14    XL:     2   Next: 66%
Magic:  2/2        EV: 11    Int: 10    God:
Gold:   28         SH:  0    Dex: 12    Spells: 1/1 levels left

rFire   . . .        a - +0 mace
rCold   . . .        (no shield)
rNeg    + . .        k - +0 ring mail
rPois   ∞            (no helmet)
rElec   +            (no cloak)
rCorr   .            (no gloves)
SInv    .            (no boots)
Will    .....        (no amulet)
Stlth   +            (no ring)
HPRegen 0.23/turn    (no ring)
MPRegen 0.08/turn

%: no passive effects
@: no status effects
A: sickness immunity, AC +2, negative energy resistance 1, electricity
resistance, torment resistance 1, petrification resistance
a: no special abilities


You were on level 1 of the Dungeon.
You visited 1 branch of the dungeon, and saw 1 of its levels.

You collected 28 gold pieces.

Inventory:

Hand Weapons
 a - a +0 mace (weapon)
 e - a +0 whip
Armour
 b - a +0 robe
 d - an orb of light
 k - a +0 ring mail (worn)
Scrolls
 h - a scroll of teleportation {unknown}
 i - a scroll of identify {unknown}
 j - a scroll of poison {unknown}
Potions
 f - a potion of resistance {unknown}
 g - a potion of lignification {unknown}


   Skills:
 * Level 3.9 Fighting
 + Level 3.2 Maces & Flails
 + Level 0.1 Armour
 - Level 2.4 Dodging
 + Level 0.1 Stealth


You had one spell level left.
You didn't know any spells.
Your spell library contained the following spells:

 Spells                   Type           Power      Damage    Failure   Level
 Dazzling Flash           Conj/Hex       0%         N/A       93%         3
 Volatile Blastmotes      Fire/Tloc      0%         2d10      93%         3
 Starburst                Conj/Fire      0%         6d3       100%        6
 Maxwell's Capacitive Co  Air            0%         ∞         100%        8


Dungeon Overview and Level Annotations

Branches:
Dungeon (1/15)

Altars:


Innate Abilities, Weirdness & Mutations

You are immune to sickness and miasma.
Your stone body is resilient. (AC +2)
You are immune to poison.
You resist negative energy. (rN+)
You are resistant to electric shocks. (rElec)
You are resistant to unholy torment.
You are immune to petrification.


Message History

The gnoll shouts!
The gnoll moves out of view.
You hit the gnoll but do no damage. The gnoll barely misses you.
You hit the gnoll but do no damage. The gnoll hits you with a +0 flail.
You barely miss the gnoll. The gnoll hits you with a +0 flail.
You closely miss the gnoll. The gnoll barely misses you.
The gnoll completely misses you.
You hit the gnoll.
The gnoll is lightly wounded.
The gnoll hits you but does no damage.
You hit the gnoll but do no damage.
The gnoll is lightly wounded.
The gnoll hits you but does no damage.
You hit the gnoll.
The gnoll is moderately wounded.
The gnoll hits you but does no damage. x2
You hit the gnoll.
The gnoll is moderately wounded.
The gnoll hits you with a +0 flail!
You hit the gnoll but do no damage.
The gnoll is moderately wounded.
The gnoll hits you with a +0 flail.
* * * LOW HITPOINT WARNING * * *
Okay, then.
You are confused.
You feel invigorated. The gnoll barely misses you. The gnoll misses you.
You closely miss the gnoll.
The gnoll is moderately wounded.
You feel less invigorated.
You feel less confused. The gnoll hits you with a +0 flail!
You barely miss the gnoll.
The gnoll is moderately wounded.
The gnoll barely misses you. The gnoll closely misses you.
You hit the gnoll but do no damage.
The gnoll is moderately wounded.
The gnoll hits you with a +0 flail!
Ouch! That really hurt!
You die...

# ........#
..P..PP..#
...PPP.P..#
..P..P....#
..PP...PP.## #
#.PPP...P.... ..##
#.PPP..PP.##.##...
#..PPPPPg@##.#....
##.$.....###......
..................
##########.##.#...
####.##.###
#....†....#
#.#.###.#...#
#.#.# #.# ##.#
#.#.# #.#


You could see a gnoll.

Vanquished Creatures
  2 bats (D:1)
  4 endoplasms (D:1)
  2 giant cockroaches (D:1)
  2 hobgoblins (D:1)
  2 quokkas (D:1)
  2 frilled lizards (D:1)
14 creatures vanquished.

Notes
Turn   | Place    | Note
-------+----------+-------------------------------------------
     0 | D:1      | adizb the Gargoyle Monk began the quest for the Orb.
     0 | D:1      | Reached XP level 1. HP: 14/14 MP: 1/1
   230 | D:1      | Reached XP level 2. HP: 20/20 MP: 2/2
   537 | D:1      | Slain by a gnoll

Illustrated notes

Levels and vault maps discovered:
D:1:      nicolae_arrival_washed_ashore, layout_loops_ring,
          nicolae_grassy_gnolls

Action                     || total
---------------------------++-------
  Melee: Mace              ||    58
         Punch             ||     1
    Use: Potion            ||     1
 Armour: Robe              ||    14
         Ring mail         ||    21
  Dodge: Dodged            ||    45
